 Dungeon Crawl Stone Soup version 0.28-b1-70-g80dc712255 (webtiles) character file.

Game seed: 5295178681034185411

464 Minsecho the Chopper (level 6, -1/53 HPs)
             Began as a Minotaur Fighter on Feb 3, 2022.
             Was an Initiate of Qazlal.
             Killed from afar by Dowan (22 damage)
             ... with a shard of ice
             ... on level 4 of the Dungeon.
             The game lasted 00:05:22 (2826 turns).

Minsecho the Chopper (Minotaur Fighter)             Turns: 2826, Time: 00:05:23

Health: -1/53      AC:  8    Str: 21    XL:     6   Next: 80%
Magic:  5/5        EV:  9    Int:  5    God:    Qazlal [......]
Gold:   149        SH: 10    Dex: 11    Spells: 4/5 levels left

rFire   . . .      SeeInvis .   a - +0 war axe
rCold   . . .      Faith    .   c - +0 buckler
rNeg    . . .      Spirit   .   b - +0 scale mail
rPois   .          Reflect  +   (helmet restricted)
rElec   .          Harm     .   (no cloak)
rCorr   .          Rampage  .   k - +0 pair of gloves
Will    .....                   (no boots)
Stlth   ..........              h - amulet of reflection
HPRegen 0.17/turn               n - ring of wizardry
MPRegen 0.09/turn               (no ring)

@: no status effects
A: horns 2, retaliatory headbutt
a: Renounce Religion


You were on level 4 of the Dungeon.
You worshipped Qazlal.
Qazlal was noncommittal.
You visited 1 branch of the dungeon, and saw 4 of its levels.

You collected 149 gold pieces.

Inventory:

Hand Weapons
 a - a +0 war axe (weapon)
Armour
 b - a +0 scale mail (worn)
 c - a +0 buckler (worn)
 k - a +0 pair of gloves (worn)
Jewellery
 h - an amulet of reflection (around neck)
 n - a ring of wizardry (left hand)
 o - a +6 ring of intelligence
Scrolls
 e - 2 scrolls of amnesia {unknown}
 f - 3 scrolls of teleportation {unknown}
 g - a scroll of magic mapping {unknown}
 i - 3 scrolls of identify {unknown}
Potions
 d - a potion of might
 j - 3 potions of curing {unknown}
 l - a potion of heal wounds {unknown}
 m - 2 potions of haste {unknown}


   Skills:
 + Level 4.7 Fighting
 + Level 5.9 Axes
 + Level 5.3 Armour
 + Level 1.0 Dodging
 + Level 0.1 Stealth
 + Level 5.2 Shields
 + Level 0.1 Spellcasting
 + Level 0.2 Conjurations


You had 4 spell levels left.
You knew the following spells:

 Your Spells              Type           Power      Damage    Failure   Level
a - Magic Dart            Conj           0%         1d3       52%         1

Your spell library contained the following spells:

 Spells                   Type           Power      Damage    Failure   Level
 Searing Ray              Conj           0%         2d4       65%         2
 Sublimation of Blood     Necr           0%         N/A       69%         2
 Fulminant Prism          Conj/Hex       0%         3d6       99%         4
 Petrify                  Tmut/Erth      0%         N/A       99%         4
 Irradiate                Conj/Tmut      0%         3d13      100%        5
 Dispersal                Tloc           0%         N/A       100%        6
 Disjunction              Tloc           0%         N/A       100%        8


Dungeon Overview and Level Annotations

Branches:
Dungeon (4/15)
 Temple: D:4-7

Altars:
Qazlal
Sif Muna
Uskayaw

Annotations:
D:4 Dowan


Innate Abilities, Weirdness & Mutations

You have a pair of horns on your head.
You reflexively headbutt those who attack you in melee.


Message History

Dowan points at you and mumbles some strange words.
You resist with some effort.
You hit Duvessa. Your headbutt misses Duvessa.
Duvessa is heavily wounded.
Duvessa hits you with a +0 short sword!
You closely miss Duvessa. You headbutt Duvessa!
Duvessa is severely wounded.
You block Duvessa's attack. Duvessa hits you with a +0 short sword.
You slash Duvessa!
Duvessa is almost dead.
You miss Dowan. Dowan hits you with a +0 dagger. You block Duvessa's attack.
Dowan points at you and mumbles some strange words.
The puff of frost misses you.
You hit Duvessa.
You kill Duvessa!
Qazlal accepts your kill.
Dowan screams, "No!
No!"
Dowan seems to find hidden reserves of power!
You hit Dowan. Dowan hits you with a +0 dagger.
Dowan hits you but does no damage.
Your Dodging skill increases to level 1!
You hit Dowan.
Dowan is moderately wounded.
Dowan gestures wildly while chanting.
Dowan blinks!
You see here a +0 club.
You block Dowan's attack.
You miss Dowan.
Dowan is moderately wounded.
You block Dowan's attack. Dowan hits you with a +0 dagger.
You slash Dowan! Your headbutt misses Dowan.
Dowan is severely wounded.
Dowan casts a spell at you. The stone arrow hits you. You block Dowan's attack.
You hit Dowan.
Dowan is almost dead.
Dowan hits you but does no damage.
Dowan points at you and mumbles some strange words.
The shard of ice hits you!!
You die...

#. ##.............#
#............#...#
##.#....#.####...#
#..###.....# #...# #.
#.....####### .
#).......###
#.###..#...### ###)#
##.......## #..@#
#........## #......e.#
#...ยง.....#
.........# #.........#
.........# #.........#
....)....# #.........#
#........# #.........#
#........#..........##
...........#....../.!
###...[.....#


You could see Dowan (fast).

Vanquished Creatures
  Duvessa (D:4)
  A necrophage (D:3)
  A centaur skeleton (D:4)
  A hound (D:4)
  A bullfrog skeleton (D:4)
  Jessica (D:3)
  An iguana (D:4)
  3 gnolls (D:2)
  4 adders
  8 dart slugs (D:3)
  6 endoplasms
  4 giant cockroaches
  5 hobgoblins
  2 quokkas
  5 ball pythons
  3 bats
  3 frilled lizards
  4 goblins
  10 kobolds
  2 rats
66 creatures vanquished.

Notes
Turn   | Place    | Note
-------+----------+-------------------------------------------
     0 | D:1      | Minsecho the Minotaur Fighter began the quest for the Orb.
     0 | D:1      | Reached XP level 1. HP: 19/19 MP: 0/0
   206 | D:1      | Reached XP level 2. HP: 23/27 MP: 1/1
   317 | D:1      | Learned a level 1 spell: Magic Dart
   725 | D:2      | Reached XP level 3. HP: 33/33 MP: 2/2
  1211 | D:2      | Found a faded altar of an unknown god.
  1355 | D:2      | Reached XP level 4. HP: 34/40 MP: 3/3
  1804 | D:3      | Noticed Jessica
  1810 | D:3      | Killed Jessica
  1908 | D:3      | Found a hide-covered altar of Uskayaw.
  1908 | D:3      | Found a shimmering blue altar of Sif Muna.
  1925 | D:3      | Reached XP level 5. HP: 46/46 MP: 4/4
  1991 | D:3      | Noticed a necrophage
  2002 | D:3      | Killed a necrophage
  2378 | D:3      | Reached skill level 5 in Axes
  2541 | D:3      | Reached skill level 5 in Armour
  2681 | D:3      | Found a stormy altar of Qazlal.
  2692 | D:3      | Became a worshipper of Qazlal Stormbringer
  2721 | D:4      | Reached XP level 6. HP: 53/53 MP: 5/5
  2730 | D:4      | Reached skill level 5 in Shields
  2792 | D:4      | Noticed Duvessa
  2792 | D:4      | Noticed Dowan
  2820 | D:4      | Killed Duvessa
  2821 | D:4      | Reached skill level 1 in Dodging
  2826 | D:4      | Killed from afar by Dowan

Illustrated notes

Levels and vault maps discovered:
D:1:      dpeg_arrival_leaves_temple_mockup, layout_rooms
D:2:      layout_basic, ebering_ecumenical_altar_webs
D:3:      kennysheep_slugbush, layout_basic, mainiacjoe_overflow_alcove_4,
          mainiacjoe_overflow_divided_tiny, st_stairs_3, uniq_jessica
D:4:      layout_rooms, uniq_duvessa, uniq_sigmund

Skill      XL: |  1  2  3  4  5  6 |
---------------+-------------------+-----
Fighting       | 4 |  4.7
Shields        | 4 5 |  5.2
Axes           | 3 4 5 |  5.9
Armour         | 4 5 |  5.3
Dodging        | 1 |  1.0
Stealth        | |  0.1
Spellcasting   | |  0.1
Conjurations   | |  0.2

Action                   |  1- 3 |  4- 6 || total
-------------------------+-------+-------++-------
Melee: War axe           |    59 |    80 ||   139
       Headbutt          |     6 |    14 ||    20
 Cast: Magic Dart        |       |     2 ||     2
Armor: Scale mail        |    17 |    36 ||    53
Dodge: Dodged            |    20 |    20 ||    40
Block: Buckler           |    24 |    55 ||    79
       Reflection        |       |     9 ||     9
